Griffins vs Condors
(R1)
Created - March 22, 2025 at 09:56
Goals
|
| Griffins |
0 |
2 |
3 |
5 |
| Condors |
3 |
1 |
2 |
6 |
|
Shots
|
| Griffins |
15 |
11 |
12 |
38 |
| Condors |
12 |
8 |
7 |
27 |
|
1st period
1. Condors , Nick Shore 26 (Evan Bouchard 20) at 7:01
2. Condors , Nick Shore 27 (Logan Stanley 13, Martin Frk 34) at 9:00
3. Condors , Martin Frk 27 (Yegor Sharangovich 24, Tyson Jost 42) at 14:38
Penalties :
Sonny Milano (Gra) for Cross-checking (Minor) at 17:15
2nd period
4. Condors , Adam Erne 37 (Ryan McLeod 13) at 11:21
5. Griffins , Sonny Milano 49 (Ian McCoshen 32, Christoffer Ehn 42) at 12:02
6. Griffins , Christoffer Ehn 27 (Sonny Milano 52, Kevin Fiala 37) at 19:24 (PP)
Penalties :
Grigori Denisenko (Gra) for High sticking (Minor) at 0:54, Logan Stanley (Bak) for High sticking (Minor) at 4:11, Adam Erne (Bak) for High sticking (Minor) at 12:34, Brycen Martin (Gra) for Boarding (Minor) at 15:24, Evan Bouchard (Bak) for High sticking (Minor) at 18:45
3rd period
7. Griffins , Viktor Lodin 2 (Sebastian Ahaut 15, Jack Studnicka 5) at 1:06
8. Griffins , Kevin Fiala 28 (Sonny Milano 53) at 1:58 (PP)
9. Griffins , Sonny Milano 50 (Kevin Fiala 38, Christoffer Ehn 43) at 2:42 (PP)
10. Condors , Adam Erne 38 (Yegor Sharangovich 25, Nikolai Knyzhov 13) at 7:47
11. Condors , Cody Glass 12 (Taro Hirose 17, Nikolai Knyzhov 14) at 14:37
Penalties :
Adam Erne (Bak) for Roughing (Minor) at 1:54, Logan Stanley (Bak) for Holding (Minor) at 2:28, Sonny Milano (Gra) for High sticking (Minor) at 4:35, Jordan Spence (Bak) for Roughing (Minor) at 9:20, Yegor Sharangovich (Bak) for Delaying the game (Minor) at 17:07, Jack Studnicka (Gra) for High sticking (Minor) at 0:00
Goalie Stats
Ivan Prosvetov (Gra), 7 saves from 9 shots - (0.778), L, 4-3-1, 28:06 minutes
Adam Werner (Gra), 14 saves from 18 shots - (0.778), 31:21 minutes
Jaxson Stauber (Bak), 33 saves from 38 shots - (0.868), W, 10-4-2, 60:00 minutes
Players Stats for Griffins
Player Name G A P +/- PIM S H SB GA TA FO MP PP MP PK MP
------------------------------------------------------------------------------------
Brycen Martin 0 0 0 -1 2 0 0 0 0 0 0/0 4:04 0:00 0:00
Christoffer Ehn 1 2 3 0 0 3 3 1 0 1 15/28 21:55 5:13 2:02
Connor McMichael 0 0 0 -1 0 0 0 1 0 0 2/2 10:46 0:02 0:00
Dominic Turgeon 0 0 0 -1 0 1 3 2 0 0 7/13 20:41 4:49 5:09
Grigori Denisenko 0 0 0 -2 2 0 0 0 0 0 1/1 15:01 3:38 0:00
Ian McCoshen 0 1 1 -1 0 2 3 0 0 0 0/0 25:24 4:04 2:55
Jack Studnicka 0 1 1 -1 2 0 1 0 0 0 1/1 7:04 0:02 0:00
Joonas Lyytinen 0 0 0 0 0 0 1 2 1 0 0/0 18:29 0:00 5:01
Kailer Yamamoto 0 0 0 -2 0 5 1 0 1 1 0/0 16:43 3:38 2:02
Kale Clague 0 0 0 -1 0 5 1 0 0 1 0/0 22:30 4:49 0:00
Kevin Fiala 1 2 3 0 0 7 1 0 0 0 2/4 25:35 5:13 5:10
Mathieu Brodeur 0 0 0 0 0 1 1 2 0 1 0/0 18:29 0:00 5:01
Matt Puempel 0 0 0 -1 0 2 4 1 0 0 0/0 11:09 0:02 0:23
Morgan Frost 0 0 0 -2 0 2 1 0 1 0 7/18 14:49 3:38 0:09
Philip Broberg 0 0 0 -2 0 0 1 0 0 0 0/0 7:06 0:00 0:00
Samuel Poulin 0 0 0 -1 0 0 0 1 0 0 0/0 7:09 0:00 0:57
Sebastian Ahaut 0 1 1 -2 0 0 0 0 0 0 0/0 11:19 4:04 0:00
Sonny Milano 2 2 4 0 4 7 1 0 0 0 1/2 19:53 5:13 0:00
Tyler Lewington 0 0 0 -1 0 0 0 0 0 0 0/0 7:42 0:00 2:55
Viktor Lodin 1 0 1 -1 0 3 0 0 0 0 2/2 6:12 0:00 0:00
Players Stats for Condors
Player Name G A P +/- PIM S H SB GA TA FO MP PP MP PK MP
------------------------------------------------------------------------------------
Adam Erne 2 0 2 1 4 6 2 0 0 0 0/3 25:02 4:32 3:58
Alexander Alexeyev 0 0 0 1 0 1 0 1 0 0 0/0 22:05 3:50 4:41
Cody Glass 1 0 1 1 0 4 1 0 0 0 0/1 9:41 0:19 0:10
Connor Hurley 0 0 0 1 0 0 1 0 0 0 0/2 9:00 0:00 0:00
Evan Bouchard 0 1 1 2 2 1 2 0 0 0 0/0 31:02 4:17 5:27
Jordan Spence 0 0 0 0 2 0 0 2 1 0 0/0 12:36 0:31 0:22
Jordan Subban 0 0 0 0 0 1 0 0 0 0 0/0 7:28 1:36 0:00
Klim Kostin 0 0 0 3 0 1 5 0 0 0 0/1 17:48 2:59 3:36
Logan Stanley 0 1 1 3 4 3 1 2 0 1 0/0 27:52 4:42 3:04
Martin Frk 1 1 2 2 0 2 0 0 0 0 0/1 16:28 4:54 0:00
Nick Shore 2 0 2 2 0 3 2 0 1 1 16/29 21:29 4:54 5:03
Nikolai Knyzhov 0 2 2 1 0 1 0 3 0 0 0/0 19:10 0:56 4:12
Pontus Holmberg 0 0 0 0 0 0 1 0 0 0 0/0 6:26 0:00 0:00
Raphael Lavoie 0 0 0 0 0 0 1 0 0 1 0/0 6:26 0:00 0:00
Ryan McLeod 0 1 1 0 0 0 0 0 1 0 1/4 7:46 0:17 0:57
Taro Hirose 0 1 1 1 0 1 1 0 1 0 0/1 10:39 0:25 0:45
Tyson Jost 0 1 1 1 0 1 1 0 0 0 15/26 19:26 2:45 1:31
Yegor Sharangovich 0 2 2 1 2 2 1 0 0 0 1/3 20:36 2:43 1:46
3 Stars
1 - Nick Shore (Bak)
2 - Christoffer Ehn (Gra)
3 - Sonny Milano (Gra)
Power Play
Griffins - 3 on 7 Attempt(s) - 42.86%
Condors - 0 on 5 Attempt(s) - 0.00%
Penalty Kill
Griffins - 5 on 5 Attempt(s) - 100.00%
- Score 0 goal in Penalty Kill
Condors - 4 on 7 Attempt(s) - 57.14%
- Score 0 goal in Penalty Kill
Team Stat
Griffins - Hits : 22 - Faceoff Wins : 38 - Blocked Shots : 10 - Penalty Minutes : 10
Condors - Hits : 19 - Faceoff Wins : 33 - Blocked Shots : 8 - Penalty Minutes : 14
Official
Referees : Brandon Blandina and Brad Meier
Linesman : Jonny Murray and Libor Suchanek
Game Notes
Jordan Subban is injured at 2:25 of 2nd period (Broken Left Foot Toe)
Ivan Prosvetov enters game at 11:21 of 2nd period
Finance
Level 1 -- Attendance: 1949 (97.45%) -- Ticket Income $136,430
Level 2 -- Attendance: 1000 (100.00%) -- Ticket Income $40,000
Total Attendance: 2949 (98.30%)
Total Ticket Income: $176,430
Other Income: $8,822
Total Income: $185,252
Griffins
5 vs 5 Forward
Center Left Wing Right Wing Time % Phy DF OF
1 Christoffer Ehn Sonny Milano Kevin Fiala 40 1 2 2
2 Morgan Frost Grigori Denisenko Kailer Yamamoto 30 1 2 2
3 Dominic Turgeon Connor McMichael Matt Puempel 20 1 2 2
4 Viktor Lodin Jack Studnicka Samuel Poulin 10 1 2 2
5 vs 5 Defense
Defense Defense Time % Phy DF OF
1 Ian McCoshen Kale Clague 40 1 2 2
2 Mathieu Brodeur Joonas Lyytinen 30 1 2 2
3 Philip Broberg Sebastian Ahaut 20 1 2 2
4 Brycen Martin Tyler Lewington 10 1 2 2
PowerPlay Forward
Center Left Wing Right Wing Time % Phy DF OF
1 Christoffer Ehn Sonny Milano Kevin Fiala 60 1 2 2
2 Morgan Frost Grigori Denisenko Kailer Yamamoto 40 1 2 2
PowerPlay Defense
Defense Defense Time % Phy DF OF
1 Kale Clague Dominic Turgeon 60 1 2 2
2 Ian McCoshen Sebastian Ahaut 40 1 2 2
Penalty Kill 4 Players Forward
Center Wing Time % Phy DF OF
1 Dominic Turgeon Kevin Fiala 60 1 2 2
2 Christoffer Ehn Kailer Yamamoto 40 1 2 2
Penalty Kill 4 Players Defense
Defense Defense Time % Phy DF OF
1 Mathieu Brodeur Joonas Lyytinen 60 1 2 2
2 Tyler Lewington Ian McCoshen 40 1 2 2
Penalty Kill - 3 Players Forward
Forward Time % Phy DF OF
1 Dominic Turgeon 60 1 2 2
2 Christoffer Ehn 40 1 2 2
Penalty Kill - 3 Players Defense
Defense Defense Time % Phy DF OF
1 Mathieu Brodeur Kale Clague 60 1 2 2
2 Joonas Lyytinen Tyler Lewington 40 1 2 2
4 vs 4 Forward
Center Wing Time % Phy DF OF
1 Kevin Fiala Sonny Milano 60 1 2 2
2 Christoffer Ehn Dominic Turgeon 40 1 2 2
4 vs 4 Defense
Defense Defense Time % Phy DF OF
1 Ian McCoshen Mathieu Brodeur 60 1 2 2
2 Sebastian Ahaut Kale Clague 40 1 2 2
Last Minutes Offensive
Center Left Wing Right Wing Defense Defense
Christoffer Ehn Sonny Milano Kevin Fiala Ian McCoshen Kale Clague
Last Minutes Defensive
Center Left Wing Right Wing Defense Defense
Dominic Turgeon Christoffer Ehn Jack Studnicka Ian McCoshen Mathieu Brodeur
Goaltenders
Starting : Adam Werner
Backup : Ivan Prosvetov
Extra Forwards
Normal : Morgan Frost, Connor McMichael, Kevin Fiala - PP : Connor McMichael, Dominic Turgeon - PK : Samuel Poulin
Extra Defensemen
Normal : Kale Clague, Sebastian Ahaut, Tyler Lewington - PP : Philip Broberg - PK : Sebastian Ahaut, Brycen Martin
Penalty Shots
Sonny Milano, Kevin Fiala, Kailer Yamamoto, Matt Puempel, Christoffer Ehn
Custom OT Lines Forwards
Sonny Milano, Christoffer Ehn, Kevin Fiala, Kailer Yamamoto, Morgan Frost, Dominic Turgeon, Matt Puempel, Connor McMichael, Grigori Denisenko, Jack Studnicka
Custom OT Lines Defensemen
Ian McCoshen, Mathieu Brodeur, Kale Clague, Sebastian Ahaut, Philip Broberg
Scratches
Scott Reedy (Healthy), Jack Ramsey (Healthy), Michael Bunting (Healthy), Conor Timmins (Healthy), Oskar Steen (Healthy)
Nick Swaney (Healthy), Dominik Bokk (Healthy), Vladislav Kolyachonok (Healthy), Philippe Desrosiers (Healthy)
Condors
5 vs 5 Forward
Center Left Wing Right Wing Time % Phy DF OF
1 Tyson Jost Adam Erne Yegor Sharangovich 40 1 2 2
2 Nick Shore Klim Kostin Martin Frk 30 1 2 2
3 Connor Hurley Taro Hirose Cody Glass 20 1 2 2
4 Ryan McLeod Raphael Lavoie Pontus Holmberg 10 1 2 2
5 vs 5 Defense
Defense Defense Time % Phy DF OF
1 Logan Stanley Evan Bouchard 40 1 2 2
2 Alexander Alexeyev Jordan Subban 30 1 2 2
3 Nikolai Knyzhov Jordan Spence 20 1 2 2
4 Logan Stanley Evan Bouchard 10 1 2 2
PowerPlay Forward
Center Left Wing Right Wing Time % Phy DF OF
1 Nick Shore Adam Erne Martin Frk 60 1 2 2
2 Tyson Jost Klim Kostin Yegor Sharangovich 40 1 2 2
PowerPlay Defense
Defense Defense Time % Phy DF OF
1 Logan Stanley Evan Bouchard 60 1 2 2
2 Alexander Alexeyev Jordan Subban 40 1 2 2
Penalty Kill 4 Players Forward
Center Wing Time % Phy DF OF
1 Nick Shore Adam Erne 60 1 2 2
2 Tyson Jost Klim Kostin 40 1 2 2
Penalty Kill 4 Players Defense
Defense Defense Time % Phy DF OF
1 Logan Stanley Evan Bouchard 60 1 2 2
2 Alexander Alexeyev Jordan Subban 40 1 2 2
Penalty Kill - 3 Players Forward
Forward Time % Phy DF OF
1 Nick Shore 60 1 2 2
2 Tyson Jost 40 1 2 2
Penalty Kill - 3 Players Defense
Defense Defense Time % Phy DF OF
1 Logan Stanley Evan Bouchard 60 1 2 2
2 Alexander Alexeyev Jordan Subban 40 1 2 2
4 vs 4 Forward
Center Wing Time % Phy DF OF
1 Nick Shore Adam Erne 60 1 2 2
2 Tyson Jost Klim Kostin 40 1 2 2
4 vs 4 Defense
Defense Defense Time % Phy DF OF
1 Logan Stanley Evan Bouchard 60 1 2 2
2 Alexander Alexeyev Jordan Subban 40 1 2 2
Last Minutes Offensive
Center Left Wing Right Wing Defense Defense
Nick Shore Adam Erne Martin Frk Logan Stanley Evan Bouchard
Last Minutes Defensive
Center Left Wing Right Wing Defense Defense
Nick Shore Adam Erne Martin Frk Logan Stanley Evan Bouchard
Goaltenders
Starting : Jaxson Stauber
Backup : Stuart Skinner
Extra Forwards
Normal : Yegor Sharangovich, Klim Kostin, Taro Hirose - PP : Yegor Sharangovich, Klim Kostin - PK : Yegor Sharangovich
Extra Defensemen
Normal : Jordan Subban, Nikolai Knyzhov, Jordan Spence - PP : Jordan Subban - PK : Jordan Subban, Nikolai Knyzhov
Penalty Shots
Adam Erne, Martin Frk, Nick Shore, Tyson Jost, Yegor Sharangovich
Custom OT Lines Forwards
Adam Erne, Martin Frk, Nick Shore, Tyson Jost, Yegor Sharangovich, Klim Kostin, Taro Hirose, Cody Glass, Connor Hurley, Pontus Holmberg
Custom OT Lines Defensemen
Logan Stanley, Evan Bouchard, Alexander Alexeyev, Jordan Subban, Nikolai Knyzhov
Scratches
Cole Cassels (Healthy), Colin White (Healthy), Semyon Der-Arguchintsev (Healthy), Gustav Olofsson (Right Hand Injury), Jeremy Gregoire (Healthy)
Robin Salo (Healthy), Filip Kral (Healthy), Brayden Pachal (Healthy), Remi Elie (Healthy), Filip Johansson (Healthy)
Lucas Johansen (Healthy), Cole Fonstad (Healthy), Jack Perbix (Healthy), Filip Cederqvist (Healthy), Michael Dipietro (Healthy)
% Time on Ice - Griffins
Lines # - Real PCT - Wanted PCT - Time Play
Normal Forward
1 - 36% - 40% - 15:13
2 - 26% - 30% - 11:03
3 - 23% - 20% - 9:54
4 - 15% - 10% - 6:12
Normal Defense
1 - 42% - 40% - 17:44
2 - 32% - 30% - 13:36
3 - 17% - 20% - 7:06
4 - 9% - 10% - 3:56
PP Forward
1 - 59% - 60% - 5:15
2 - 41% - 40% - 3:38
PP Defense
1 - 54% - 60% - 4:49
2 - 46% - 40% - 4:04
PK Forward
1 - 74% - 60% - 5:54
2 - 26% - 40% - 2:02
PK Defense
1 - 63% - 60% - 5:01
2 - 37% - 40% - 2:55
PK3 Forward
1 - 0% - 60%
2 - 0% - 40%
PK3 Defense
1 - 0% - 60%
2 - 0% - 40%
44 Forward
1 - 0% - 60%
2 - 0% - 40%
44 Defense
1 - 0% - 60%
2 - 0% - 40%
Last Minute Offensive - 0:49
Last Minute Defensive - 0:00
Total
Forward - 60:00
Defense - 60:00
|
% Time on Ice - Condors
Lines # - Real PCT - Wanted PCT - Time Play
Normal Forward
1 - 38% - 40% - 16:11
2 - 25% - 30% - 10:48
3 - 21% - 20% - 9:00
4 - 15% - 10% - 6:26
Normal Defense
1 - 39% - 40% - 16:36
2 - 33% - 30% - 14:01
3 - 24% - 20% - 10:01
4 - 4% - 10% - 1:47
PP Forward
1 - 65% - 60% - 5:11
2 - 35% - 40% - 2:45
PP Defense
1 - 50% - 60% - 4:00
2 - 50% - 40% - 3:56
PK Forward
1 - 83% - 60% - 7:22
2 - 17% - 40% - 1:31
PK Defense
1 - 42% - 60% - 3:43
2 - 58% - 40% - 5:10
PK3 Forward
1 - 0% - 60%
2 - 0% - 40%
PK3 Defense
1 - 0% - 60%
2 - 0% - 40%
44 Forward
1 - 0% - 60%
2 - 0% - 40%
44 Defense
1 - 0% - 60%
2 - 0% - 40%
Last Minute Offensive - 0:00
Last Minute Defensive - 0:46
Total
Forward - 60:00
Defense - 60:00
|
Play-by-Play
1st period
0:01 of 1st period - Christoffer Ehn wins face-off versus Tyson Jost in neutral zone.
0:11 of 1st period - Snap shot by Sonny Milano.
0:11 of 1st period - Stopped by Jaxson Stauber with a rebound.
0:15 of 1st period - Snap shot by Kevin Fiala.
0:15 of 1st period - Stopped by Jaxson Stauber with a rebound.
0:17 of 1st period - Snap shot by Christoffer Ehn.
0:17 of 1st period - Stopped by Jaxson Stauber with a rebound.
0:31 of 1st period - Snap shot by Martin Frk.
0:31 of 1st period - Deflect By Klim Kostin.
0:31 of 1st period - Shot Misses the Net.
0:31 of 1st period - Puck is out of play.
0:32 of 1st period - Nick Shore wins face-off versus Dominic Turgeon in Griffins zone.
0:42 of 1st period - Icing by Joonas Lyytinen.
0:43 of 1st period - Dominic Turgeon wins face-off versus Taro Hirose in Griffins zone.
1:25 of 1st period - Cody Glass is hit by Matt Puempel and loses puck.
1:41 of 1st period - Slapshot by Matt Puempel.
1:41 of 1st period - Shot Misses the Net.
1:43 of 1st period - Snap shot by Mathieu Brodeur.
1:43 of 1st period - Shot Blocked by Jordan Spence.
1:45 of 1st period - Backhand shot by Mathieu Brodeur.
1:45 of 1st period - Shot Misses the Net.
1:47 of 1st period - Slapshot by Mathieu Brodeur.
1:47 of 1st period - Shot Blocked by Nikolai Knyzhov.
1:49 of 1st period - Backhand shot by Matt Puempel.
1:49 of 1st period - Shot Blocked by Nikolai Knyzhov.
2:13 of 1st period - Snap shot by Matt Puempel.
2:13 of 1st period - Stopped by Jaxson Stauber without a rebound.
2:14 of 1st period - Tyson Jost wins face-off versus Christoffer Ehn in Condors zone.
2:14 of 1st period - Tyson Jost is hit by Philip Broberg.
2:22 of 1st period - Snap shot by Adam Erne.
2:22 of 1st period - Stopped by Adam Werner with a rebound.
2:24 of 1st period - Slapshot by Jordan Subban.
2:24 of 1st period - Stopped by Adam Werner with a rebound.
2:40 of 1st period - Jordan Subban is hit by Kailer Yamamoto and loses puck.
3:24 of 1st period - Slapshot by Viktor Lodin.
3:24 of 1st period - Shot Misses the Net.
3:26 of 1st period - Snap shot by Sonny Milano.
3:26 of 1st period - Shot Misses the Net.
4:05 of 1st period - Yegor Sharangovich is hit by Morgan Frost.
4:45 of 1st period - Christoffer Ehn is hit by Adam Erne and loses puck.
6:15 of 1st period - Evan Bouchard is hit by Matt Puempel.
7:01 of 1st period - Wrist shot by Nick Shore.
7:01 of 1st period - Goal by Nick Shore - Griffins : 0 - Condors : 1.
7:02 of 1st period - Tyson Jost wins face-off versus Christoffer Ehn in neutral zone.
7:13 of 1st period - Wrist shot by Tyson Jost.
7:13 of 1st period - Shot Misses the Net.
7:29 of 1st period - Nick Shore is hit by Ian McCoshen and loses puck.
7:56 of 1st period - Wrist shot by Connor Hurley.
7:56 of 1st period - Shot Blocked by Samuel Poulin.
7:58 of 1st period - Slapshot by Alexander Alexeyev.
7:58 of 1st period - Stopped by Adam Werner with a rebound.
8:12 of 1st period - Backhand shot by Adam Erne.
8:12 of 1st period - Stopped by Adam Werner with a rebound.
8:58 of 1st period - Snap shot by Martin Frk.
8:58 of 1st period - Stopped by Adam Werner with a rebound.
9:00 of 1st period - Slapshot by Logan Stanley.
9:00 of 1st period - Deflect By Nick Shore.
9:00 of 1st period - Goal by Nick Shore - Griffins : 0 - Condors : 2.
9:01 of 1st period - Christoffer Ehn wins face-off versus Tyson Jost in neutral zone.
9:08 of 1st period - Wrist shot by Sonny Milano.
9:08 of 1st period - Stopped by Jaxson Stauber without a rebound.
9:09 of 1st period - Christoffer Ehn wins face-off versus Tyson Jost in Condors zone.
9:58 of 1st period - Snap shot by Christoffer Ehn.
9:58 of 1st period - Shot Misses the Net.
10:06 of 1st period - Backhand shot by Kevin Fiala.
10:06 of 1st period - Stopped by Jaxson Stauber without a rebound.
10:07 of 1st period - Nick Shore wins face-off versus Morgan Frost in Condors zone.
10:09 of 1st period - Icing by Martin Frk.
10:10 of 1st period - Morgan Frost wins face-off versus Nick Shore in Condors zone.
10:17 of 1st period - Snap shot by Kailer Yamamoto.
10:17 of 1st period - Stopped by Jaxson Stauber without a rebound.
10:18 of 1st period - Grigori Denisenko wins face-off versus Nick Shore in Condors zone.
10:24 of 1st period - Wrist shot by Morgan Frost.
10:24 of 1st period - Stopped by Jaxson Stauber without a rebound.
10:25 of 1st period - Nick Shore wins face-off versus Morgan Frost in Condors zone.
10:35 of 1st period - Joonas Lyytinen is hit by Nick Shore and loses puck.
10:41 of 1st period - Off-side.
10:42 of 1st period - Tyson Jost wins face-off versus Christoffer Ehn in neutral zone.
10:52 of 1st period - Off-side.
10:53 of 1st period - Tyson Jost wins face-off versus Morgan Frost in neutral zone.
11:53 of 1st period - Wrist shot by Cody Glass.
11:53 of 1st period - Stopped by Adam Werner with a rebound.
11:55 of 1st period - Slapshot by Cody Glass.
11:55 of 1st period - Stopped by Adam Werner without a rebound.
11:56 of 1st period - Christoffer Ehn wins face-off versus Adam Erne in Griffins zone.
12:01 of 1st period - Wrist shot by Adam Erne.
12:01 of 1st period - Shot Misses the Net.
12:19 of 1st period - Tyler Lewington is hit by Klim Kostin.
12:23 of 1st period - Tyler Lewington is hit by Klim Kostin and loses puck.
12:44 of 1st period - Snap shot by Kevin Fiala.
12:44 of 1st period - Stopped by Jaxson Stauber with a rebound.
12:46 of 1st period - Snap shot by Kevin Fiala.
12:46 of 1st period - Deflect By Sonny Milano.
12:46 of 1st period - Stopped by Jaxson Stauber without a rebound.
12:47 of 1st period - Morgan Frost wins face-off versus Tyson Jost in Condors zone.
12:54 of 1st period - Snap shot by Kailer Yamamoto.
12:54 of 1st period - Stopped by Jaxson Stauber with a rebound.
13:42 of 1st period - Backhand shot by Logan Stanley.
13:42 of 1st period - Stopped by Adam Werner with a rebound.
13:52 of 1st period - Snap shot by Kailer Yamamoto.
13:52 of 1st period - Stopped by Jaxson Stauber without a rebound.
13:53 of 1st period - Morgan Frost wins face-off versus Ryan McLeod in Condors zone.
13:54 of 1st period - Wrist shot by Kailer Yamamoto.
13:54 of 1st period - Shot Blocked by Logan Stanley.
13:56 of 1st period - Slapshot by Kale Clague.
13:56 of 1st period - Shot Misses the Net.
13:58 of 1st period - Slapshot by Kailer Yamamoto.
13:58 of 1st period - Stopped by Jaxson Stauber with a rebound.
14:38 of 1st period - Wrist shot by Martin Frk.
14:38 of 1st period - Goal by Martin Frk - Griffins : 0 - Condors : 3.
14:39 of 1st period - Morgan Frost wins face-off versus Tyson Jost in neutral zone.
15:11 of 1st period - Snap shot by Nick Shore.
15:11 of 1st period - Stopped by Adam Werner with a rebound.
15:14 of 1st period - Icing by Mathieu Brodeur.
15:15 of 1st period - Christoffer Ehn wins face-off versus Nick Shore in Griffins zone.
15:15 of 1st period - Sonny Milano is hit by Evan Bouchard and loses puck.
15:40 of 1st period - Nick Shore is hit by Christoffer Ehn and loses puck.
15:50 of 1st period - Icing by Evan Bouchard.
15:51 of 1st period - Nick Shore wins face-off versus Morgan Frost in Condors zone.
16:18 of 1st period - Snap shot by Adam Erne.
16:18 of 1st period - Shot Misses the Net.
17:07 of 1st period - Wrist shot by Pontus Holmberg.
17:07 of 1st period - Shot Blocked by Mathieu Brodeur.
17:15 of 1st period - Minor Penalty to Sonny Milano for Cross-checking.
17:16 of 1st period - Nick Shore wins face-off versus Dominic Turgeon in Griffins zone.
18:01 of 1st period - Snap shot by Christoffer Ehn.
18:01 of 1st period - Stopped by Jaxson Stauber with a rebound.
18:03 of 1st period - Slapshot by Tyler Lewington.
18:03 of 1st period - Deflect By Christoffer Ehn.
18:03 of 1st period - Shot Misses the Net.
18:03 of 1st period - Puck is out of play.
18:04 of 1st period - Christoffer Ehn wins face-off versus Nick Shore in Condors zone.
18:05 of 1st period - Snap shot by Kailer Yamamoto.
18:05 of 1st period - Stopped by Jaxson Stauber with a rebound.
18:08 of 1st period - Icing by Alexander Alexeyev.
18:09 of 1st period - Dominic Turgeon wins face-off versus Nick Shore in Condors zone.
18:15 of 1st period - Off-side.
18:16 of 1st period - Dominic Turgeon wins face-off versus Nick Shore in neutral zone.
19:07 of 1st period - Jordan Subban is hit by Dominic Turgeon and loses puck.
19:15 of 1st period - Penalty to Sonny Milano is over, Sonny Milano is back on ice.
19:32 of 1st period - Cody Glass is hit by Jack Studnicka and loses puck.
Goals for this period are 0 for Griffins vs 3 for Condors.
Shots for this period are 15 for Griffins vs 12 for Condors.
2nd period
0:01 of 2nd period - Tyson Jost wins face-off versus Morgan Frost in neutral zone.
0:12 of 2nd period - Slapshot by Morgan Frost.
0:12 of 2nd period - Stopped by Jaxson Stauber with a rebound.
0:26 of 2nd period - Kevin Fiala is hit by Klim Kostin and loses puck.
0:37 of 2nd period - Slapshot by Ian McCoshen.
0:37 of 2nd period - Shot Misses the Net.
0:51 of 2nd period - Snap shot by Taro Hirose.
0:51 of 2nd period - Stopped by Adam Werner without a rebound.
0:52 of 2nd period - Morgan Frost wins face-off versus Connor Hurley in Griffins zone.
0:54 of 2nd period - Minor Penalty to Grigori Denisenko for High sticking.
0:55 of 2nd period - Nick Shore wins face-off versus Dominic Turgeon in Griffins zone.
1:01 of 2nd period - Slapshot by Martin Frk.
1:01 of 2nd period - Shot Misses the Net.
1:03 of 2nd period - Wrist shot by Martin Frk.
1:03 of 2nd period - Shot Misses the Net.
1:05 of 2nd period - Slapshot by Evan Bouchard.
1:05 of 2nd period - Stopped by Adam Werner with a rebound.
1:07 of 2nd period - Wrist shot by Nick Shore.
1:07 of 2nd period - Shot Misses the Net.
1:09 of 2nd period - Snap shot by Nick Shore.
1:09 of 2nd period - Deflect By Mathieu Brodeur.
1:09 of 2nd period - Shot Blocked by Joonas Lyytinen.
1:09 of 2nd period - Puck is out of play.
1:10 of 2nd period - Nick Shore wins face-off versus Dominic Turgeon in Griffins zone.
1:45 of 2nd period - Wrist shot by Yegor Sharangovich.
1:45 of 2nd period - Shot Misses the Net.
2:24 of 2nd period - Jordan Subban is hit by Ian McCoshen.
2:25 of 2nd period - Jordan Subban from Condors is injured at 2:25 of 2nd period (Broken Left Foot Toe).
2:26 of 2nd period - Dominic Turgeon wins face-off versus Nick Shore in Condors zone.
2:39 of 2nd period - Snap shot by Nick Shore.
2:39 of 2nd period - Deflect By Adam Erne.
2:39 of 2nd period - Shot Misses the Net.
2:39 of 2nd period - Puck is out of play.
2:40 of 2nd period - Nick Shore wins face-off versus Dominic Turgeon in Griffins zone.
2:43 of 2nd period - Wrist shot by Martin Frk.
2:43 of 2nd period - Shot Misses the Net.
2:54 of 2nd period - Penalty to Grigori Denisenko is over, Grigori Denisenko is back on ice.
3:07 of 2nd period - Wrist shot by Grigori Denisenko.
3:07 of 2nd period - Deflect By Kevin Fiala.
3:07 of 2nd period - Stopped by Jaxson Stauber with a rebound.
3:27 of 2nd period - Snap shot by Viktor Lodin.
3:27 of 2nd period - Shot Misses the Net.
3:29 of 2nd period - Snap shot by Viktor Lodin.
3:29 of 2nd period - Stopped by Jaxson Stauber without a rebound.
3:30 of 2nd period - Viktor Lodin wins face-off versus Ryan McLeod in Condors zone.
3:35 of 2nd period - Snap shot by Ian McCoshen.
3:35 of 2nd period - Stopped by Jaxson Stauber without a rebound.
3:36 of 2nd period - Tyson Jost wins face-off versus Morgan Frost in Condors zone.
3:43 of 2nd period - Kailer Yamamoto is hit by Yegor Sharangovich and loses puck.
4:11 of 2nd period - Minor Penalty to Logan Stanley for High sticking.
4:12 of 2nd period - Nick Shore wins face-off versus Christoffer Ehn in Condors zone.
4:12 of 2nd period - Nick Shore is hit by Christoffer Ehn.
4:21 of 2nd period - Nikolai Knyzhov is hit by Kevin Fiala and loses puck.
5:27 of 2nd period - Icing by Kevin Fiala.
5:28 of 2nd period - Yegor Sharangovich wins face-off versus Christoffer Ehn in Griffins zone.
5:29 of 2nd period - Slapshot by Klim Kostin.
5:29 of 2nd period - Stopped by Adam Werner without a rebound.
5:30 of 2nd period - Christoffer Ehn wins face-off versus Yegor Sharangovich in Griffins zone.
5:37 of 2nd period - Wrist shot by Yegor Sharangovich.
5:37 of 2nd period - Shot Misses the Net.
5:39 of 2nd period - Snap shot by Alexander Alexeyev.
5:39 of 2nd period - Shot Blocked by Dominic Turgeon.
6:11 of 2nd period - Penalty to Logan Stanley is over, Logan Stanley is back on ice.
6:17 of 2nd period - Snap shot by Adam Erne.
6:17 of 2nd period - Stopped by Adam Werner with a rebound.
6:19 of 2nd period - Wrist shot by Logan Stanley.
6:19 of 2nd period - Deflect By Adam Erne.
6:19 of 2nd period - Shot Misses the Net.
6:19 of 2nd period - Puck is out of play.
6:20 of 2nd period - Viktor Lodin wins face-off versus Cody Glass in Griffins zone.
6:41 of 2nd period - Mathieu Brodeur is hit by Taro Hirose and loses puck.
7:00 of 2nd period - Slapshot by Nikolai Knyzhov.
7:00 of 2nd period - Stopped by Adam Werner with a rebound.
8:06 of 2nd period - Icing by Christoffer Ehn.
8:07 of 2nd period - Nick Shore wins face-off versus Christoffer Ehn in Griffins zone.
8:34 of 2nd period - Sebastian Ahaut is hit by Tyson Jost and loses puck.
9:03 of 2nd period - Snap shot by Dominic Turgeon.
9:03 of 2nd period - Stopped by Jaxson Stauber without a rebound.
9:04 of 2nd period - Tyson Jost wins face-off versus Christoffer Ehn in Condors zone.
9:11 of 2nd period - Wrist shot by Kevin Fiala.
9:11 of 2nd period - Stopped by Jaxson Stauber with a rebound.
9:13 of 2nd period - Snap shot by Kevin Fiala.
9:13 of 2nd period - Shot Misses the Net.
9:15 of 2nd period - Slapshot by Christoffer Ehn.
9:15 of 2nd period - Deflect By Sonny Milano.
9:15 of 2nd period - Shot Misses the Net.
9:15 of 2nd period - Puck is out of play.
9:16 of 2nd period - Tyson Jost wins face-off versus Christoffer Ehn in Condors zone.
9:16 of 2nd period - Tyson Jost is hit by Sonny Milano.
10:10 of 2nd period - Wrist shot by Dominic Turgeon.
10:10 of 2nd period - Shot Blocked by Alexander Alexeyev.
10:12 of 2nd period - Snap shot by Matt Puempel.
10:12 of 2nd period - Stopped by Jaxson Stauber without a rebound.
10:13 of 2nd period - Dominic Turgeon wins face-off versus Tyson Jost in Condors zone.
10:39 of 2nd period - Klim Kostin is hit by Christoffer Ehn and loses puck.
10:50 of 2nd period - Snap shot by Christoffer Ehn.
10:50 of 2nd period - Shot Misses the Net.
11:00 of 2nd period - Tyler Lewington is hit by Connor Hurley and loses puck.
11:21 of 2nd period - Wrist shot by Adam Erne.
11:21 of 2nd period - Goal by Adam Erne - Griffins : 0 - Condors : 4.
11:21 of 2nd period - Ivan Prosvetov enters game.
11:22 of 2nd period - Tyson Jost wins face-off versus Kevin Fiala in neutral zone.
11:30 of 2nd period - Icing by Sonny Milano.
11:31 of 2nd period - Tyson Jost wins face-off versus Christoffer Ehn in Griffins zone.
11:34 of 2nd period - Wrist shot by Tyson Jost.
11:34 of 2nd period - Shot Blocked by Christoffer Ehn.
11:56 of 2nd period - Slapshot by Christoffer Ehn.
11:56 of 2nd period - Shot Hit the Post.
11:58 of 2nd period - Snap shot by Ian McCoshen.
11:58 of 2nd period - Stopped by Jaxson Stauber with a rebound.
12:00 of 2nd period - Slapshot by Ian McCoshen.
12:00 of 2nd period - Shot Blocked by Logan Stanley.
12:02 of 2nd period - Snap shot by Sonny Milano.
12:02 of 2nd period - Goal by Sonny Milano - Griffins : 1 - Condors : 4.
12:03 of 2nd period - Tyson Jost wins face-off versus Morgan Frost in neutral zone.
12:08 of 2nd period - Snap shot by Tyson Jost.
12:08 of 2nd period - Shot Misses the Net.
12:28 of 2nd period - Yegor Sharangovich is hit by Matt Puempel and loses puck.
12:34 of 2nd period - Minor Penalty to Adam Erne for High sticking.
12:35 of 2nd period - Nick Shore wins face-off versus Christoffer Ehn in Condors zone.
14:29 of 2nd period - Slapshot by Cody Glass.
14:29 of 2nd period - Shot Blocked by Dominic Turgeon.
14:31 of 2nd period - Wrist shot by Cody Glass.
14:31 of 2nd period - Stopped by Ivan Prosvetov with a rebound.
14:33 of 2nd period - Slapshot by Yegor Sharangovich.
14:33 of 2nd period - Stopped by Ivan Prosvetov without a rebound.
14:34 of 2nd period - Penalty to Adam Erne is over, Adam Erne is back on ice.
14:34 of 2nd period - Tyson Jost wins face-off versus Morgan Frost in Griffins zone.
15:16 of 2nd period - Wrist shot by Martin Frk.
15:16 of 2nd period - Shot Misses the Net.
15:18 of 2nd period - Snap shot by Martin Frk.
15:18 of 2nd period - Shot Misses the Net.
15:24 of 2nd period - Minor Penalty to Brycen Martin for Boarding.
15:25 of 2nd period - Nick Shore wins face-off versus Kevin Fiala in Griffins zone.
17:06 of 2nd period - Alexander Alexeyev is hit by Ian McCoshen.
17:24 of 2nd period - Penalty to Brycen Martin is over, Brycen Martin is back on ice.
18:45 of 2nd period - Minor Penalty to Evan Bouchard for High sticking.
18:46 of 2nd period - Nick Shore wins face-off versus Christoffer Ehn in Condors zone.
19:24 of 2nd period - Wrist shot by Christoffer Ehn.
19:24 of 2nd period - Goal by Christoffer Ehn - Griffins : 2 - Condors : 4.
19:25 of 2nd period - Tyson Jost wins face-off versus Morgan Frost in neutral zone.
19:35 of 2nd period - Icing by Morgan Frost.
19:36 of 2nd period - Morgan Frost wins face-off versus Tyson Jost in Griffins zone.
19:36 of 2nd period - Morgan Frost is hit by Adam Erne.
19:56 of 2nd period - Wrist shot by Kale Clague.
19:56 of 2nd period - Stopped by Jaxson Stauber with a rebound.
19:58 of 2nd period - Slapshot by Morgan Frost.
19:58 of 2nd period - Deflect By Grigori Denisenko.
19:58 of 2nd period - Shot Misses the Net.
19:58 of 2nd period - Puck is out of play.
19:59 of 2nd period - Christoffer Ehn wins face-off versus Nick Shore in Condors zone.
Goals for this period are 2 for Griffins vs 1 for Condors.
Shots for this period are 11 for Griffins vs 8 for Condors.
3rd period
0:01 of 3rd period - Tyson Jost wins face-off versus Christoffer Ehn in neutral zone.
0:53 of 3rd period - Martin Frk is hit by Mathieu Brodeur and loses puck.
1:06 of 3rd period - Slapshot by Viktor Lodin.
1:06 of 3rd period - Deflect By Martin Frk.
1:06 of 3rd period - Goal by Viktor Lodin - Griffins : 3 - Condors : 4.
1:07 of 3rd period - Christoffer Ehn wins face-off versus Tyson Jost in neutral zone.
1:54 of 3rd period - Minor Penalty to Adam Erne for Roughing.
1:55 of 3rd period - Kevin Fiala wins face-off versus Klim Kostin in Condors zone.
1:58 of 3rd period - Snap shot by Kevin Fiala.
1:58 of 3rd period - Goal by Kevin Fiala - Griffins : 4 - Condors : 4.
1:59 of 3rd period - Christoffer Ehn wins face-off versus Tyson Jost in neutral zone.
2:10 of 3rd period - Snap shot by Kevin Fiala.
2:10 of 3rd period - Shot Misses the Net.
2:12 of 3rd period - Wrist shot by Kevin Fiala.
2:12 of 3rd period - Stopped by Jaxson Stauber with a rebound.
2:14 of 3rd period - Slapshot by Kale Clague.
2:14 of 3rd period - Stopped by Jaxson Stauber without a rebound.
2:15 of 3rd period - Morgan Frost wins face-off versus Nick Shore in Condors zone.
2:18 of 3rd period - Wrist shot by Kailer Yamamoto.
2:18 of 3rd period - Shot Misses the Net.
2:20 of 3rd period - Slapshot by Kale Clague.
2:20 of 3rd period - Stopped by Jaxson Stauber without a rebound.
2:21 of 3rd period - Nick Shore wins face-off versus Morgan Frost in Condors zone.
2:21 of 3rd period - Nick Shore is hit by Kale Clague.
2:28 of 3rd period - Minor Penalty to Logan Stanley for Holding.
2:29 of 3rd period - Christoffer Ehn wins face-off versus Nick Shore in Condors zone.
2:40 of 3rd period - Wrist shot by Kevin Fiala.
2:40 of 3rd period - Shot Misses the Net.
2:42 of 3rd period - Snap shot by Sonny Milano.
2:42 of 3rd period - Goal by Sonny Milano - Griffins : 5 - Condors : 4.
2:43 of 3rd period - Christoffer Ehn wins face-off versus Adam Erne in neutral zone.
2:43 of 3rd period - Sonny Milano is hit by Evan Bouchard.
3:26 of 3rd period - Snap shot by Tyson Jost.
3:26 of 3rd period - Stopped by Ivan Prosvetov with a rebound.
3:50 of 3rd period - Wrist shot by Matt Puempel.
3:50 of 3rd period - Shot Misses the Net.
3:58 of 3rd period - Wrist shot by Tyson Jost.
3:58 of 3rd period - Shot Misses the Net.
4:00 of 3rd period - Slapshot by Yegor Sharangovich.
4:00 of 3rd period - Shot Misses the Net.
4:02 of 3rd period - Wrist shot by Adam Erne.
4:02 of 3rd period - Shot Blocked by Connor McMichael.
4:04 of 3rd period - Backhand shot by Tyson Jost.
4:04 of 3rd period - Shot Misses the Net.
4:06 of 3rd period - Slapshot by Adam Erne.
4:06 of 3rd period - Shot Misses the Net.
4:08 of 3rd period - Slapshot by Tyson Jost.
4:08 of 3rd period - Shot Misses the Net.
4:10 of 3rd period - Slapshot by Evan Bouchard.
4:10 of 3rd period - Shot Blocked by Mathieu Brodeur.
4:12 of 3rd period - Slapshot by Logan Stanley.
4:12 of 3rd period - Stopped by Ivan Prosvetov without a rebound.
4:13 of 3rd period - Christoffer Ehn wins face-off versus Nick Shore in Griffins zone.
4:20 of 3rd period - Slapshot by Sonny Milano.
4:20 of 3rd period - Stopped by Jaxson Stauber without a rebound.
4:21 of 3rd period - Nick Shore wins face-off versus Christoffer Ehn in Condors zone.
4:35 of 3rd period - Minor Penalty to Sonny Milano for High sticking.
4:36 of 3rd period - Dominic Turgeon wins face-off versus Adam Erne in Griffins zone.
6:02 of 3rd period - Yegor Sharangovich is hit by Joonas Lyytinen and loses puck.
6:35 of 3rd period - Penalty to Sonny Milano is over, Sonny Milano is back on ice.
6:36 of 3rd period - Dominic Turgeon is hit by Cody Glass and loses puck.
6:47 of 3rd period - Kailer Yamamoto is hit by Raphael Lavoie.
7:08 of 3rd period - Slapshot by Jack Studnicka.
7:08 of 3rd period - Shot Blocked by Nikolai Knyzhov.
7:19 of 3rd period - Icing by Nikolai Knyzhov.
7:20 of 3rd period - Kevin Fiala wins face-off versus Ryan McLeod in Condors zone.
7:45 of 3rd period - Snap shot by Adam Erne.
7:45 of 3rd period - Deflect By Yegor Sharangovich.
7:45 of 3rd period - Stopped by Ivan Prosvetov with a rebound.
7:47 of 3rd period - Snap shot by Adam Erne.
7:47 of 3rd period - Goal by Adam Erne - Griffins : 5 - Condors : 5.
7:48 of 3rd period - Tyson Jost wins face-off versus Morgan Frost in neutral zone.
8:34 of 3rd period - Snap shot by Logan Stanley.
8:34 of 3rd period - Stopped by Ivan Prosvetov with a rebound.
8:36 of 3rd period - Snap shot by Logan Stanley.
8:36 of 3rd period - Shot Hit the Post.
8:56 of 3rd period - Wrist shot by Mathieu Brodeur.
8:56 of 3rd period - Stopped by Jaxson Stauber without a rebound.
8:57 of 3rd period - Christoffer Ehn wins face-off versus Tyson Jost in Condors zone.
9:20 of 3rd period - Minor Penalty to Jordan Spence for Roughing.
9:21 of 3rd period - Nick Shore wins face-off versus Sonny Milano in Condors zone.
9:48 of 3rd period - Grigori Denisenko is hit by Logan Stanley and loses puck.
10:21 of 3rd period - Adam Erne is hit by Dominic Turgeon and loses puck.
11:20 of 3rd period - Penalty to Jordan Spence is over, Jordan Spence is back on ice.
11:32 of 3rd period - Snap shot by Jack Studnicka.
11:32 of 3rd period - Shot Hit the Post.
12:34 of 3rd period - Sonny Milano is hit by Pontus Holmberg and loses puck.
13:47 of 3rd period - Icing by Matt Puempel.
13:48 of 3rd period - Ryan McLeod wins face-off versus Dominic Turgeon in Griffins zone.
13:57 of 3rd period - Wrist shot by Pontus Holmberg.
13:57 of 3rd period - Shot Misses the Net.
14:07 of 3rd period - Connor McMichael is hit by Nick Shore and loses puck.
14:37 of 3rd period - Backhand shot by Cody Glass.
14:37 of 3rd period - Goal by Cody Glass - Griffins : 5 - Condors : 6.
14:38 of 3rd period - Christoffer Ehn wins face-off versus Nick Shore in neutral zone.
15:36 of 3rd period - Slapshot by Adam Erne.
15:36 of 3rd period - Stopped by Ivan Prosvetov with a rebound.
15:38 of 3rd period - Snap shot by Evan Bouchard.
15:38 of 3rd period - Shot Blocked by Joonas Lyytinen.
15:53 of 3rd period - Jordan Spence is hit by Dominic Turgeon and loses puck.
16:12 of 3rd period - Snap shot by Sonny Milano.
16:12 of 3rd period - Stopped by Jaxson Stauber with a rebound.
16:40 of 3rd period - Slapshot by Kale Clague.
16:40 of 3rd period - Stopped by Jaxson Stauber with a rebound.
16:42 of 3rd period - Slapshot by Kale Clague.
16:42 of 3rd period - Stopped by Jaxson Stauber without a rebound.
16:43 of 3rd period - Jack Studnicka wins face-off versus Connor Hurley in Condors zone.
17:02 of 3rd period - Backhand shot by Viktor Lodin.
17:02 of 3rd period - Stopped by Jaxson Stauber without a rebound.
17:03 of 3rd period - Dominic Turgeon wins face-off versus Tyson Jost in Condors zone.
17:07 of 3rd period - Minor Penalty to Yegor Sharangovich for Delaying the game.
17:08 of 3rd period - Sonny Milano wins face-off versus Nick Shore in Condors zone.
17:10 of 3rd period - Slapshot by Sonny Milano.
17:10 of 3rd period - Shot Misses the Net.
17:12 of 3rd period - Wrist shot by Sonny Milano.
17:12 of 3rd period - Shot Misses the Net.
17:14 of 3rd period - Snap shot by Kevin Fiala.
17:14 of 3rd period - Shot Misses the Net.
17:34 of 3rd period - Kailer Yamamoto is hit by Klim Kostin and loses puck.
18:36 of 3rd period - Christoffer Ehn is hit by Klim Kostin and loses puck.
19:07 of 3rd period - Penalty to Yegor Sharangovich is over, Yegor Sharangovich is back on ice.
19:19 of 3rd period - Evan Bouchard is hit by Matt Puempel.
19:20 of 3rd period - Icing by Evan Bouchard.
19:21 of 3rd period - Connor McMichael wins face-off versus Yegor Sharangovich in Condors zone.
19:22 of 3rd period - Griffins, Ivan Prosvetov is pulled from the net.
19:42 of 3rd period - Wrist shot by Martin Frk.
19:42 of 3rd period - Shot Misses the Net.
19:44 of 3rd period - Wrist shot by Yegor Sharangovich.
19:44 of 3rd period - Deflect By Martin Frk.
19:44 of 3rd period - Shot Blocked by Matt Puempel.
19:44 of 3rd period - Puck is out of play.
19:45 of 3rd period - Henrik Zetterberg call a timeout for Griffins.
19:45 of 3rd period - Ivan Prosvetov from Griffins was sent back in the game.
19:45 of 3rd period - Connor McMichael wins face-off versus Martin Frk in Griffins zone.
19:50 of 3rd period - Griffins, Ivan Prosvetov is pulled from the net.
19:50 of 3rd period - Snap shot by Kale Clague.
19:50 of 3rd period - Shot Blocked by Jordan Spence.
0:00 - Minor Penalty to Jack Studnicka for High sticking.
Goals for this period are 3 for Griffins vs 2 for Condors.
Shots for this period are 12 for Griffins vs 7 for Condors.